 Dungeon Crawl Stone Soup version 0.30-a0-528-g8c47a4955b (webtiles) character file.

Game seed: 6510793152651253992

1280 scionoferis the Changer (level 8, -7/48 HPs)
             Began as an Octopode Transmuter on Dec 23, 2022.
             Mangled by an ogre
             ... wielding a +0 giant spiked club
              (32 damage)
             ... on level 6 of the Dungeon.
             The game lasted 00:21:20 (5430 turns).

scionoferis the Changer (Octopode Transmuter)       Turns: 5430, Time: 00:21:21

Health: -7/48      AC:  1    Str: 18    XL:     8   Next: 54%
Magic:  20/20      EV: 13    Int: 15    God:
Gold:   70         SH:  0    Dex: 12    Spells: 4/11 levels left

rFire   + . .      SeeInvis .    a - +8 whip of the Sun {vorpal, rC++ MP+9}
rCold   + + .      Faith    .    (no shield)
rNeg    . . .      Spirit   .    (helmet restricted)
rPois   .          Reflect  .    (no amulet)
rElec   .          Harm     .    o - +6 ring of strength
rCorr   .          Rampage  .    k - ring of protection from fire
Will    .....                    (no ring)
Stlth   +++                      (no ring)
HPRegen 0.28/turn                (no ring)
MPRegen 0.17/turn                (no ring)
                                 (no ring)
                                 (no ring)

@: no status effects
A: almost no armour, amphibious, 8 rings, camouflage 1, gelatinous body 1,
(nimble swimmer 1), tentacles
a: no special abilities


You were on level 6 of the Dungeon.
You visited 1 branch of the dungeon, and saw 6 of its levels.

You collected 445 gold pieces.
You spent 375 gold pieces at shops.


Innate Abilities, Weirdness & Mutations

You cannot wear most types of armour.
You are amphibious.
You can wear up to eight rings at the same time.
Your skin changes colour to match your surroundings (Stealth+).
Your rubbery body absorbs attacks. (AC +1, EV +1)
((You are camouflaged when in or above water. (Stealth+)))
You have tentacles for arms and can constrict up to eight enemies at once.


   Skills:
 - Level 1.0 Fighting
 - Level 2.0 Dodging
 - Level 4.0 Stealth
 - Level 3.0 Unarmed Combat
 - Level 2.0 Spellcasting
 + Level 7.6 Transmutations
 - Level 6.0 Ice Magic


You had 4 spell levels left.
You knew the following spells:

 Your Spells              Type           Power      Damage    Failure   Level
a - Beastly Appendage     Tmut           48%        N/A       1%          1
b - Wereblood             Tmut           24%        N/A       1%          2
c - Ice Form              Ice/Tmut       22%        N/A       13%         4

Your spell library contained the following spells:

 Spells                   Type           Power      Damage    Failure   Level
 Ensorcelled Hibernation  Hex/Ice        20%        N/A       10%         2
 Spider Form              Tmut/Pois      13%        N/A       14%         3
 Apportation              Tloc           2%         N/A       22%         1
 Necrotise                Necr           4%         1d4       22%         1
 Slow                     Hex            4%         N/A       22%         1
 Summon Small Mammal      Summ           4%         N/A       22%         1
 Cigotuvi's Dreadful Rot  Necr/Pois/Air  2%         N/A       32%         2
 Poisonous Vapours        Pois/Air       2%         N/A       32%         2
 Confusing Touch          Hex            1%         N/A       54%         3
 Mephitic Cloud           Conj/Pois/Air  1%         N/A       54%         3
 Vampiric Draining        Necr           1%         2d6       54%         3
 Anguish                  Hex/Necr       0%         N/A       91%         4

Inventory:

Hand Weapons
 a - the +8 whip of the Sun (weapon) {vorpal, rC++ MP+9}
   (You found it on level 3 of the Dungeon)

   It inflicts extra damage upon your enemies.
   rC:        It greatly protects you from cold.
   MP:        It affects your magic capacity (+9).
 b - a +0 arbalest
   (You took it off an orc warrior on level 6 of the Dungeon)
Missiles
 c - 17 poisoned darts (quivered)
 d - 10 boomerangs
 J - a curare-tipped dart
Jewellery
 k - a ring of protection from fire (right tentacle)
   (You took it off a gnoll on level 5 of the Dungeon)
 o - a +6 ring of strength (left tentacle)
   (You found it on level 2 of the Dungeon)
Wands
 f - a wand of mindburst (12)
   (You found it on level 6 of the Dungeon)
 q - a wand of flame (28)
   (You bought it in a shop on level 2 of the Dungeon)
 G - a wand of polymorph (5)
   (You found it on level 5 of the Dungeon)
Scrolls
 e - a scroll of noise
 i - 7 scrolls of teleportation {unknown}
 m - a scroll of amnesia
 n - 5 scrolls of enchant armour {unknown}
 r - 3 scrolls of immolation {unknown}
 s - a scroll of vulnerability
 t - a scroll of poison
 u - a scroll of butterflies
 v - 2 scrolls of brand weapon {unknown}
 w - 5 scrolls of magic mapping {unknown}
 x - a scroll of fog
 y - a scroll of silence
 z - 2 scrolls of fear {unknown}
 A - 2 scrolls of torment
 E - 2 scrolls of blinking
 I - a scroll of enchant weapon
Potions
 g - a potion of cancellation {unknown}
 h - 2 potions of lignification
 j - a potion of invisibility {unknown}
 C - 2 potions of mutation {unknown}
 D - 2 potions of haste {unknown}
 F - 2 potions of flight {unknown}
 H - 2 potions of resistance {unknown}

Dungeon Overview and Level Annotations

Branches:
Dungeon (6/15)
 Temple: D:4-7

Altars:
Ashenzari
Cheibriados
Makhleb

Shops:
D:2 (*?[*   D:4 *   D:5 [(([!

Annotations:
D:6 3 runed translucent doors

#...#.....#..#.....^...##
#..##....#......)........
##..###..)##[............
#...####.[[.............
##..####.#####..........
#....#### #...#........
##...## ##...#####+++##
####...###..[# ......
#......@O#.## ......
#.....>.)...#### ....
###....###.......# ...
#.....## #.......##
#.....## #........## #
#...#..# ##........# #
####...####.###....... .
#.......#...##....... .
###..#............... .


You could see an ogre.


Message History

Your tentacle spike disappears.
You constrict the hound. The hound barely misses you.
You hit the hound.
You squeeze the hound, but do no damage.
The hound is almost dead.
You constrict the hound.
You kill the hound!
Things that are here:
a +1 mace of protection; a hound corpse; an orc corpse
There is a stone staircase leading down, spattered with blood here.
Okay, then.
Casting: Beastly Appendage (safe; 3% risk of failure)
Confirm with . or Enter, or press ? or * to list all spells.
One of your tentacles grows a vicious spike.
You climb downwards.
A gnoll comes into view. It is wielding a +0 club.
There is a stone staircase leading up, spattered with blood here.
An iguana comes into view.
There is a stone staircase leading down here.
A gnoll comes into view. It is wielding a +0 spear.
The gnoll hits you with a +0 spear.
The gnoll shouts! x2
You whack the gnoll! You grab the gnoll.
The gnoll is almost dead.
You constrict the gnoll.
The gnoll struggles to escape constriction.
You whack the gnoll!
You kill the gnoll!
There is a stone staircase leading up, spattered with blood here.
The iguana completely misses you.
You climb upwards.
There is a stone staircase leading down, spattered with blood here.
You closely miss the iguana. You grab the iguana. You constrict the iguana.
The iguana misses you.
You hit the iguana but do no damage.
You pierce the iguana, but do no damage.
You squeeze the iguana.
The iguana is heavily wounded.
You constrict the iguana. The iguana completely misses you.
You hit the iguana.
You kill the iguana!
Your transformation is almost over.
Things that are here:
a +0 club; an orc corpse
There is a stone staircase leading down, spattered with blood here.
You start resting.
HP restored.
Casting: Beastly Appendage (safe; 3% risk of failure)
Confirm with . or Enter, or press ? or * to list all spells.
You extend your transformation's duration.
You climb downwards.
The gnoll barely misses you. The gnoll hits you with a +0 club.
There is a stone staircase leading up, spattered with blood here.
You hit the gnoll. You grab the gnoll.
You pierce the gnoll.
The gnoll is almost dead.
You constrict the gnoll.
You kill the gnoll!
You see here a +0 club.
Found a book of Cantrips.
Things that are here:
a +0 spear; a gnoll corpse The gnoll hits you with a +0 spear!
You whack the gnoll! You grab the gnoll.
You pierce the gnoll.
The gnoll is severely wounded.
You constrict the gnoll. The gnoll closely misses you.
You hit the gnoll.
You kill the gnoll!
Your transformation is almost over.
Things that are here:
a +0 spear; a gnoll corpse
There is a stone staircase leading up, spattered with blood here.
You climb upwards.
There is a stone staircase leading down, spattered with blood here.
You start resting.
Your tentacle spike disappears.
HP restored.
You climb downwards.
There is a stone staircase leading up, spattered with blood here.
Things that are here:
a +0 shortbow; a centaur corpse You pick up a book of Debilitation and begin reading...
You add the spells Slow, Vampiric Draining and Confusing Touch to your library.
You pick up a book of Cantrips and begin reading...
You add the spells Necrotise, Summon Small Mammal and Apportation to your library.
r - 3 scrolls labelled AWURHEASIN (gained 1)
n - 4 scrolls labelled WOPPIM SOYG (gained 3)
A scorpion comes into view.
Throw: 3 darts (poison)
Press: ? - help, Q - select action, (/) - cycle Shift-Dir - straight line, f - scorpion
Aim: a scorpion (asleep, 98% to hit)
You throw a poisoned dart. The poisoned dart hits the scorpion.
Unknown command.
Throw: 2 darts (poison)
Press: ? - help, Q - select action, (/) - cycle Shift-Dir - straight line, f/p - scorpion
Aim: a scorpion (56% to hit)
You throw a poisoned dart. The poisoned dart hits the scorpion.
The scorpion is poisoned.
Unknown command.
Throw: dart (poison)
Press: ? - help, Q - select action, (/) - cycle Shift-Dir - straight line, f/p - scorpion
Aim: a scorpion (lightly wounded, poisoned, 56% to hit)
You throw a poisoned dart. The poisoned dart hits the scorpion.
The scorpion looks even sicker.
The scorpion is lightly wounded.
Unknown command.
Casting: Beastly Appendage (safe; 3% risk of failure)
Confirm with . or Enter, or press ? or * to list all spells.
One of your tentacles grows a vicious spike.
A scorpion comes into view.
You closely miss the scorpion. Your grab misses the scorpion.
You pierce the scorpion.
The scorpion is almost dead.
You kill the scorpion!
Your Transmutations skill increases to level 5!
You see here a scorpion corpse.
c - a poisoned dart Your transformation is almost over.
You see here a poisoned dart.
c - 2 poisoned darts (gained 1) Throw: 2 darts (poison)
Press: ? - help, Q - select action, (/) - cycle Shift-Dir - straight line, f - scorpion
Aim: a scorpion (56% to hit)
You throw a poisoned dart.
The poisoned dart closely misses the scorpion.
Unknown command.
Throw: dart (poison)
Press: ? - help, Q - select action, (/) - cycle Shift-Dir - straight line, f/p - scorpion
Aim: a scorpion (56% to hit)
You throw a poisoned dart.
The poisoned dart barely misses the scorpion.
The scorpion barely misses you.
Unknown command.
You hit the scorpion. You grab the scorpion.
The scorpion is moderately wounded.
You constrict the scorpion. The scorpion stings you.
You are poisoned.
The scorpion poisons you!
You hit the scorpion.
You pierce the scorpion.
The scorpion is severely wounded.
You constrict the scorpion.
You feel very sick. The scorpion barely misses you.
You hit the scorpion.
You kill the scorpion!
You feel sick.
Your Ice Magic skill increases to level 4!
You have reached level 7!
You start resting.
Your tentacle spike disappears.
You feel sick. x6
You are no longer poisoned.
You start resting.
A jelly comes into view.
You see here a poisoned dart.
c - a poisoned dart You start resting.
HP restored.
You feel your magic capacity decrease.
b - a +0 sling (weapon)
G - a wand of polymorph (5)
c - 3 poisoned darts (gained 2)
A phantom comes into view.
Found 6 poisoned darts and 7 stones.
a - the +8 whip of the Sun (weapon)
{vorpal, rC++ MP+9}
Casting: Beastly Appendage (safe; 2% risk of failure)
Confirm with . or Enter, or press ? or * to list all spells.
One of your tentacles grows a vicious spike.
You whack the phantom!
The phantom is moderately damaged.
The phantom misses you.
You closely miss the phantom.
You pierce the phantom, but do no damage.
The phantom is moderately damaged.
The phantom hits you but does no damage.
You hit the phantom. Your squeeze misses the phantom.
The phantom is severely damaged.
The phantom closely misses you.
You whack the phantom!
Your tentacle spike misses the phantom.
The phantom is almost destroyed.
The phantom barely misses you.
You barely miss the phantom. Your squeeze misses the phantom.
The phantom is almost destroyed.
The phantom misses you.
You barely miss the phantom.
Your tentacle spike misses the phantom.
The phantom is almost destroyed.
Your transformation is almost over.
The phantom hits you.
The phantom blinks!
You blink.
The phantom hits you.
You barely miss the phantom.
The phantom is almost destroyed.
The phantom hits you.
You whack the phantom!
You destroy the phantom!
Found Lipyin Zutuck's Distillery.
c - 9 poisoned darts (gained 6)
You start resting.
Your tentacle spike disappears.
A jelly is nearby!
You feel your magic capacity decrease.
b - a +0 sling (weapon)
You shoot a sling bullet. The sling bullet hits the jelly.
The jelly is moderately wounded.
You shoot a sling bullet. The sling bullet hits the jelly.
The jelly is heavily wounded.
You shoot a sling bullet. The sling bullet hits the jelly.
The jelly is almost dead.
You shoot a sling bullet. The sling bullet hits the jelly!
You kill the jelly!
a - the +8 whip of the Sun (weapon)
{vorpal, rC++ MP+9} You start resting.
HP restored.
You start resting.
Magic restored.
Unknown command.
Found 3 stones.
Found Oclot's Weapon Emporium.
Found Zutesih's Antique Armour Shop.
You enter the deep water.
Found Teuh's Armour Shop and Tamocolo's Antique Weapon Shoppe.
There is an entrance to Lipyin Zutuck's Distillery here.
Unknown command.
There is an entrance to Oclot's Weapon Emporium here.
Unknown command.
You see here 3 stones.
There is an entrance to Tamocolo's Antique Weapon Shoppe here.
Unknown command.
You enter the deep water.
There is an entrance to Teuh's Armour Shop here.
Unknown command.
There is a fountain of sparkling water here.
There is an entrance to Zutesih's Antique Armour Shop here.
Unknown command.
You now have 82 gold pieces (gained 13).
Found a burning altar of Makhleb.
You see here a staff of cold.
Found a stone staircase leading down.
h - 3 potions of lignification (gained 1)
A water moccasin comes into view.
Found a leather armour.
You see here a +0 leather armour.
Found a wand of flame (10).
Found a dagger.
Found a leather armour.
q - a wand of flame (28) (gained 10 charges)
Found 4 stones.
You feel your magic capacity decrease.
b - a +0 sling (weapon)
You shoot a sling bullet.
The sling bullet hits the water moccasin.
The water moccasin is lightly wounded.
You shoot a sling bullet.
The sling bullet closely misses the water moccasin.
a - the +8 whip of the Sun (weapon)
{vorpal, rC++ MP+9}
Casting: Beastly Appendage (safe; 2% risk of failure)
Confirm with . or Enter, or press ? or * to list all spells.
One of your tentacles grows a vicious spike.
You closely miss the water moccasin. Your grab misses the water moccasin.
Your squeeze misses the water moccasin. The water moccasin bites you!
You are poisoned.
The water moccasin poisons you! The water moccasin barely misses you.
You hit the water moccasin but do no damage.
Your grab misses the water moccasin.
Your tentacle spike misses the water moccasin.
Your transformation is almost over.
You feel very sick. The water moccasin bites you.
You are more poisoned.
The water moccasin poisons you!
You closely miss the water moccasin. Your grab misses the water moccasin.
Your tentacle spike misses the water moccasin.
You feel extremely sick. The water moccasin closely misses you.
The water moccasin bites you.
You feel better. The water moccasin misses you.
You closely miss the water moccasin. Your grab misses the water moccasin.
Your tentacle spike misses the water moccasin.
The water moccasin bites you.
You are poisoned.
The water moccasin poisons you! The water moccasin bites you!
You miss the water moccasin. Your grab misses the water moccasin.
You feel very sick. The water moccasin misses you.
Unknown command.
You feel better. The water moccasin barely misses you.
The water moccasin closely misses you.
Aiming: Polymorph
Press: ? - help, Shift-Dir - straight line, f/p - water moccasin
Aim: a water moccasin (will become a fire bat, a tengu, or a rime drake, chance to affect: 49%)
Okay, then.
Unknown command.
Unknown command.
Really quaff the potion of lignification?
Your tentacle spike disappears.
You turn into a tree.
Your roots penetrate the ground.
The water moccasin bites you.
You miss the water moccasin.
The water moccasin bites you but does no damage.
You barely miss the water moccasin.
The water moccasin bites you but does no damage. x2
You whack the water moccasin!
The water moccasin is heavily wounded.
The water moccasin bites you.
The water moccasin bites you but does no damage.
You miss the water moccasin.
The water moccasin is heavily wounded.
The water moccasin bites you but does no damage.
You miss the water moccasin.
The water moccasin is heavily wounded.
The water moccasin completely misses you.
The water moccasin bites you but does no damage.
You whack the water moccasin!
You kill the water moccasin!
You start resting.
Your transformation is almost over.
You start resting.
You feel less wooden.
You start resting.
Magic restored.
You start resting.
HP restored.
You feel your magic capacity decrease.
b - a +0 sling (weapon)
You see here a water moccasin corpse.
You see here a water moccasin corpse.
Found a robe.
Found a stone staircase leading up.
Found a scale mail.
Found a stone staircase leading down.
Unknown command.
Search for what [Enter for "shop", or ? for help]? curing Can't find anything matching that.
You now have 98 gold pieces (gained 16).
Found a leather armour.
v - 2 scrolls labelled QIZ ERAPIDE (gained 1)
There is a stone staircase leading down here.
You now have 106 gold pieces (gained 8).
A gnoll comes into view. It is wielding a +0 flail.
You shoot a sling bullet.
The sling bullet hits the gnoll but does no damage.
The gnoll shouts!
You hear a shout!
A gnoll comes into view. It is wielding a +0 club.
You hear a shout!
You hear a shout!
You shoot a sling bullet.
The sling bullet closely misses the gnoll.
The sling bullet barely misses the gnoll.
a - the +8 whip of the Sun (weapon)
{vorpal, rC++ MP+9}
Casting: Beastly Appendage (safe; 1% risk of failure)
Confirm with . or Enter, or press ? or * to list all spells.
One of your tentacles grows a vicious spike.
You whack the gnoll! You grab the gnoll.
You pierce the gnoll, but do no damage.
The gnoll is almost dead.
You constrict the gnoll. The gnoll closely misses you.
You hit the gnoll.
You kill the gnoll!
You closely miss the gnoll. You grab the gnoll.
You pierce the gnoll.
The gnoll is moderately wounded.
You constrict the gnoll. The gnoll closely misses you.
You hit the gnoll.
The gnoll is almost dead.
You constrict the gnoll. The gnoll hits you with a +0 club.
You whack the gnoll!
You kill the gnoll!
You start resting.
Your transformation is almost over.
You feel your magic capacity decrease.
b - a +0 sling (weapon)
You start resting.
HP restored.
Your tentacle spike disappears.
Things that are here:
a +0 club; a +0 flail; a gnoll corpse A gnoll comes into view.
It is wielding a +0 flail.
You shoot a sling bullet. The gnoll shouts!
The sling bullet hits the gnoll but does no damage.
You shoot a sling bullet.
The sling bullet hits the gnoll but does no damage.
You shoot a sling bullet.
The sling bullet hits the gnoll but does no damage.
a - the +8 whip of the Sun (weapon)
{vorpal, rC++ MP+9}
Casting: Beastly Appendage (safe; 1% risk of failure)
Confirm with . or Enter, or press ? or * to list all spells.
One of your tentacles grows a vicious spike.
You hit the gnoll. Your grab misses the gnoll.
Your tentacle spike misses the gnoll.
You squeeze the gnoll.
You kill the gnoll!
Edmund the Younger comes into view.
He is wielding a +2 flail of protection.
Things that are here:
a +0 flail; a ring of protection from fire
Press: ? - help, v - describe, . - travel
Here: Edmund, wielding a +2 flail of protection and wearing a +0 leather armour The floor.
Throw: 9 darts (poison)
Press: ? - help, Q - select action, (/) - cycle Shift-Dir - straight line, f - Edmund
Aim: Edmund, wielding a +2 flail of protection and wearing a +0 leather armour (56% to hit)
You throw a poisoned dart. The poisoned dart hits Edmund.
Edmund is poisoned.
Unknown command.
Throw: 8 darts (poison)
Press: ? - help, Q - select action, (/) - cycle Shift-Dir - straight line, f/p - Edmund
Aim: Edmund, wielding a +2 flail of protection and wearing a +0 leather armour (lightly wounded, poisoned, 56% to hit)
You throw a poisoned dart. The poisoned dart barely misses Edmund.
A gnoll comes into view. It is wielding a +0 spear.
Unknown command.
Throw: 7 darts (poison)
Press: ? - help, Q - select action, (/) - cycle Shift-Dir - straight line, f/p - Edmund
Aim: Edmund, wielding a +2 flail of protection and wearing a +0 leather armour (lightly wounded, poisoned, 56% to hit)
You throw a poisoned dart. The poisoned dart hits Edmund.
Edmund looks even sicker.
Edmund is lightly wounded.
Unknown command.
Things that are here:
a +0 club; a +0 flail; a gnoll corpse You see here a +0 leather armour.
Throw: 6 darts (poison)
Press: ? - help, Q - select action, (/) - cycle Shift-Dir - straight line, f/p - Edmund
Aim: Edmund, wielding a +2 flail of protection and wearing a +0 leather armour (moderately wounded, poisoned, 56% to hit)
You throw a poisoned dart. The poisoned dart hits Edmund.
Edmund looks even sicker.
Edmund is moderately wounded.
Throw: 5 darts (poison)
Press: ? - help, Q - select action, (/) - cycle Shift-Dir - straight line, p - Edmund
Okay, then.
Throw: 5 darts (poison)
Press: ? - help, Q - select action, (/) - cycle Shift-Dir - straight line, f - gnoll, p - Edmund
Aim: a gnoll, wielding a +0 spear (60% to hit)
You throw a poisoned dart. The poisoned dart hits Edmund.
Edmund is heavily wounded.
You closely miss Edmund. You grab Edmund.
You pierce Edmund, but do no damage.
Edmund is heavily wounded.
You constrict Edmund, but do no damage.
Edmund hits you with a +2 flail of protection!
You hit Edmund but do no damage.
You pierce Edmund!
Edmund is heavily wounded.
You constrict Edmund, but do no damage. Edmund barely misses you.
You hit Edmund.
Edmund is severely wounded.
You constrict Edmund. Edmund closely misses you.
The gnoll hits you but does no damage.
You whack Edmund!
You pierce Edmund, but do no damage.
You squeeze Edmund, but do no damage.
Edmund is almost dead.
You constrict Edmund, but do no damage.
Edmund hits you with a +2 flail of protection!
The gnoll hits you from afar with a +0 spear!
You hit Edmund. You squeeze Edmund, but do no damage.
Edmund is almost dead.
You constrict Edmund.
You kill Edmund!
The gnoll hits you from afar with a +0 spear!
* * * LOW HITPOINT WARNING * * *
Your Transmutations skill increases to level 6!
Your Ice Magic skill increases to level 5!
You feel much better.
Your transformation is almost over.
The gnoll hits you from afar with a +0 spear.
The gnoll barely misses you.
Things that are here:
a +2 flail of protection; a +0 leather armour; the human corpse of Edmund You hit the gnoll.
You grab the gnoll.
You pierce the gnoll, but do no damage.
Your squeeze misses the gnoll.
The gnoll is lightly wounded.
You constrict the gnoll. The gnoll hits you with a +0 spear.
You hit the gnoll.
You pierce the gnoll.
You kill the gnoll!
c - 5 poisoned darts (gained 1)
Things that are here:
a +0 spear; a +0 leather armour; a gnoll corpse
Things that are here:
a +2 flail of protection; a +0 leather armour; the human corpse of Edmund
Okay, then.
You start resting.
Your tentacle spike disappears.
HP restored.
You start resting.
Magic restored.
Things that are here:
a +0 spear; a +0 leather armour; a gnoll corpse
c - 6 poisoned darts (gained 1)
Things that are here:
a +0 club; a +0 flail; a gnoll corpse
k - a ring of protection from fire You see here a +0 flail.
k - a ring of protection from fire (right tentacle)
c - 7 poisoned darts (gained 1)
c - 8 poisoned darts (gained 1)
Found a stone staircase leading up.
c - 9 poisoned darts (gained 1)
You feel your magic capacity decrease.
b - a +0 sling (weapon)
You now have 114 gold pieces (gained 8).
w - 4 scrolls labelled BUIDA HAMETT (gained 1)
f - 6 scrolls labelled ZESSUY RULUO (gained 1)
f - 7 scrolls labelled ZESSUY RULUO (gained 1)
H - a fuming pink potion You enter the deep water.
You enter the deep water.
Done exploring.
Done exploring.
Search for what [Enter for "curing", or ? for help]? shop
Things that are here:
a +0 leather armour; a +2 flail of protection; the human corpse of Edmund
Things that are here:
a +0 leather armour; a +0 spear; a gnoll corpse
There is a stone staircase leading up here.
You climb upwards.
There is a stone staircase leading down here.
There is a stone staircase leading up here.
You climb upwards.
There is a stone staircase leading down here.
There is a stone staircase leading up here.
You climb upwards.
There is a stone staircase leading down here.
There is an entrance to Ynuranef's Assorted Antiques here.
Search for what [Enter for "shop", or ? for help]?
There is an entrance to Xailal's Magic Scroll Emporium here.
E - 2 scrolls of blinking (gained 1) Thank you for shopping at Xailal's Magic Scroll Emporium!
Okay, then.
f - 8 scrolls of identify (gained 1) Thank you for shopping at Xailal's Magic Scroll Emporium!
As you read the scroll of identify, it crumbles to dust.
A - a scroll of torment
As you read the scroll of identify, it crumbles to dust.
e - a scroll of noise
As you read the scroll of identify, it crumbles to dust.
m - a scroll of amnesia
As you read the scroll of identify, it crumbles to dust.
s - a scroll of vulnerability
As you read the scroll of identify, it crumbles to dust.
t - a scroll of poison
As you read the scroll of identify, it crumbles to dust.
u - a scroll of butterflies
As you read the scroll of identify, it crumbles to dust.
x - a scroll of fog
As you read the scroll of identify, it crumbles to dust.
y - a scroll of silence
Okay, then.
Unknown command.
Unknown command.
Unknown command.
(D) Dungeon
Where to? (Enter - D:2 @ (x,y), ? - help)
What level of the Dungeon? (default 1, ? - help)
There is an open door here.
There is a stone staircase leading down here.
You climb downwards.
There is a stone staircase leading up here.
There is a stone staircase leading down here.
You climb downwards.
There is a stone staircase leading up here.
There is a stone staircase leading down here.
You climb downwards.
There is a stone staircase leading up here.
There is a stone staircase leading down here.
a - the +8 whip of the Sun (weapon)
{vorpal, rC++ MP+9} You feel your magic capacity decrease.
b - a +0 sling (weapon)
You start resting.
Magic restored.
You climb downwards.
Found four items.
There is a stone staircase leading up here.
n - 5 scrolls labelled WOPPIM SOYG (gained 1)
f - a scroll of identify You now have 27 gold pieces (gained 17).
A white imp comes into view.
You shoot a sling bullet.
The sling bullet barely misses the white imp.
You shoot a sling bullet.
The sling bullet barely misses the white imp.
The white imp grinds its teeth.
You shoot a sling bullet.
The sling bullet barely misses the white imp.
The white imp gestures at you. The puff of frost hits you!
The white imp gestures at you. The puff of frost hits you!
a - the +8 whip of the Sun (weapon)
{vorpal, rC++ MP+9} You see here a scroll of torment.
The white imp hits you. The white imp freezes you. You resist.
You closely miss the white imp. Your grab misses the white imp.
The white imp barely misses you.
You closely miss the white imp. Your grab misses the white imp.
You squeeze the white imp.
The white imp is lightly wounded.
The white imp hits you. The white imp freezes you. You resist.
You closely miss the white imp. Your grab misses the white imp.
Your squeeze misses the white imp.
The white imp is lightly wounded.
The white imp hits you. The white imp freezes you. You resist.
The white imp hits you. The white imp freezes you. You resist.
You are too injured to fight recklessly!
You whack the white imp!
You kill the white imp!
You start resting.
Magic restored.
You start resting.
HP restored.
A - 2 scrolls of torment (gained 1)
An iguana comes into view.
Found a fuming pink potion.
You see here a book of Dreams.
The helpless iguana fails to defend itself.
You whack the iguana! You grab the iguana. You squeeze the iguana.
The iguana is severely wounded.
You constrict the iguana. The iguana misses you.
You whack the iguana!
You kill the iguana!
You have reached level 8!
You pick up a book of Dreams and begin reading...
You add the spells Ensorcelled Hibernation and Anguish to your library.
There are no items here.
An orc comes into view. It is wielding a +0 mace.
Casting: Beastly Appendage (safe; 1% risk of failure)
Confirm with . or Enter, or press ? or * to list all spells.
One of your tentacles grows a vicious spike.
The orc shouts!
The orc closely misses you.
You hit the orc.
You kill the orc!
You see here a +0 mace.
H - 2 fuming pink potions (gained 1)
An ogre comes into view. It is wielding a +0 giant club.
The ogre shouts!
Throw: 9 darts (poison)
Press: ? - help, Q - select action, (/) - cycle Shift-Dir - straight line, f - ogre
Aim: an ogre, wielding a +0 giant club (72% to hit)
You throw a poisoned dart.
The poisoned dart closely misses the ogre.
Unknown command.
Throw: 8 darts (poison)
Press: ? - help, Q - select action, (/) - cycle Shift-Dir - straight line, f/p - ogre
Aim: an ogre, wielding a +0 giant club (72% to hit)
You throw a poisoned dart. The poisoned dart hits the ogre.
The ogre is poisoned.
Unknown command.
Throw: 7 darts (poison)
Press: ? - help, Q - select action, (/) - cycle Shift-Dir - straight line, f/p - ogre
Aim: an ogre, wielding a +0 giant club (poisoned, 72% to hit)
You throw a poisoned dart.
The poisoned dart closely misses the ogre.
Unknown command.
Throw: 6 darts (poison)
Press: ? - help, Q - select action, (/) - cycle Shift-Dir - straight line, f/p - ogre
Aim: an ogre, wielding a +0 giant club (lightly wounded, poisoned, 72% to hit)
You throw a poisoned dart. The poisoned dart hits the ogre.
The ogre looks even sicker.
The ogre is lightly wounded.
Throw: 5 darts (poison)
Press: ? - help, Q - select action, (/) - cycle Shift-Dir - straight line, f/p - ogre
Aim: an ogre, wielding a +0 giant club (moderately wounded, poisoned, 72% to hit)
You throw a poisoned dart. The poisoned dart hits the ogre.
The ogre looks even sicker.
The ogre is moderately wounded.
Unknown command.
You whack the ogre!
The ogre is almost dead.
The ogre misses you.
You whack the ogre!
You kill the ogre!
Your transformation is almost over.
You see here a +0 giant club.
c - 5 poisoned darts (gained 1)
Your tentacle spike disappears.
Found an escape hatch in the floor.
c - 6 poisoned darts (gained 1)
c - 7 poisoned darts (gained 1)
c - 8 poisoned darts (gained 1)
c - 9 poisoned darts (gained 1)
A shadow imp comes into view.
Casting: Beastly Appendage (safe; 1% risk of failure)
Confirm with . or Enter, or press ? or * to list all spells.
One of your tentacles grows a vicious spike.
You barely miss the shadow imp. Your grab misses the shadow imp.
Your squeeze misses the shadow imp. The shadow imp barely misses you.
You closely miss the shadow imp. Your grab misses the shadow imp.
You pierce the shadow imp!
Your squeeze misses the shadow imp.
The shadow imp is severely wounded.
The shadow imp hits you.
You barely miss the shadow imp. Your grab misses the shadow imp.
Your tentacle spike misses the shadow imp.
The shadow imp is severely wounded.
The shadow imp closely misses you.
You barely miss the shadow imp. Your grab misses the shadow imp.
You squeeze the shadow imp.
You kill the shadow imp!
Your transformation is almost over.
Your tentacle spike disappears.
Found a dagger.
Unknown command.
A hound comes into view.
Found a scroll labelled JAHYONTOON.
Found a stone staircase leading down.
You see here a scroll labelled JAHYONTOON.
The helpless hound fails to defend itself.
You hit the hound. You grab the hound.
The hound is moderately wounded.
You constrict the hound. The hound closely misses you. x2
You hit the hound. You squeeze the hound.
The hound is almost dead.
You constrict the hound.
You kill the hound!
No target in view!
I - a scroll labelled JAHYONTOON
Found a stone staircase leading up.
There is a stone staircase leading down here.
A kobold comes into view. It is wielding a +0 short sword.
Found 5 stones.
An iguana comes into view.
Found a runed translucent gate.
The iguana hisses angrily.
The kobold shouts!
You hear a shout! x2
A kobold brigand comes into view.
It is wielding a +0 short sword and quivering curare-tipped darts.
A kobold comes into view.
It is wielding a +0 dagger and quivering poisoned darts.
There is a stone staircase leading up here.
You hit the kobold.
You kill the kobold!
The iguana barely misses you.
You climb upwards.
There is a stone staircase leading down here.
You whack the iguana! Your grab misses the iguana.
The iguana is severely wounded.
The iguana closely misses you.
You whack the iguana!
You kill the iguana!
Casting: Beastly Appendage (safe; 1% risk of failure)
Confirm with . or Enter, or press ? or * to list all spells.
You miscast Beastly Appendage.
You are very lightly contaminated with residual magic.
Nothing appears to happen.
You climb downwards.
Level annotation: 3 runed translucent doors The kobold throws a poisoned dart.
The poisoned dart completely misses you.
There is a stone staircase leading up here.
Things that are here:
a +0 short sword; a kobold corpse
Found a chain mail.
The kobold closely misses you.
You whack the kobold!
You kill the kobold!
You completely miss the kobold brigand. You grab the kobold brigand.
You squeeze the kobold brigand!
The kobold brigand is moderately wounded.
You constrict the kobold brigand. The kobold brigand barely misses you.
The kobold brigand hits you with a +0 short sword!
Your magical contamination has completely faded away.
You whack the kobold brigand!
The kobold brigand is severely wounded.
You constrict the kobold brigand. The kobold brigand barely misses you.
You hit the kobold brigand. You squeeze the kobold brigand.
You kill the kobold brigand!
c - 13 poisoned darts (gained 4)
Items here: ( )) ††.
J - a curare-tipped dart
Things that are here:
a +0 short sword; a kobold corpse You start resting.
HP restored.
An orc wizard comes into view. It is wielding a +0 dagger.
An orc comes into view. It is wielding a +0 club.
The orc wizard moves out of view.
An orc is nearby!
You now have 33 gold pieces (gained 6).
You open the door.
An orc comes into view. It is wielding a +0 mace.
The orc shouts!
You hear a shout!
The orc moves out of view.
Found a broken altar of Ashenzari.
An orc wizard comes into view. It is wielding a +0 dagger.
The orc wizard moves out of view.
There is an open door here.
Found 12 gold pieces.
The orc wizard shouts!
The orc shouts!
You hear a shout!
The orc wizard shouts! x2; The orc warrior shouts!
The orc shouts!
You now have 45 gold pieces (gained 12).
Found a stone staircase leading up.
Casting: Beastly Appendage (safe; 1% risk of failure)
Confirm with . or Enter, or press ? or * to list all spells.
One of your tentacles grows a vicious spike.
You whack the orc!
You kill the orc!
You see here a +0 mace.
You feel your magic capacity decrease.
b - a +0 sling (weapon)
You shoot a sling bullet. The sling bullet hits the orc wizard.
The orc wizard is moderately wounded.
The orc wizard casts a spell at you.
You are confused.
You hear a shout!
a - the +8 whip of the Sun (weapon)
{vorpal, rC++ MP+9} An orc wizard comes into view.
It is wielding a +0 dagger.
You bump into the rock wall.
The orc wizard hits you with a +0 dagger.
You bump into the rock wall.
You feel less confused. The orc wizard casts a spell at you.
You resist with some effort.
You closely miss the orc wizard. Your grab misses the orc wizard.
Your tentacle spike misses the orc wizard.
The orc wizard is moderately wounded.
The orc wizard hits you with a +0 dagger.
You whack the orc wizard!
You kill the orc wizard!
Your transformation is almost over.
Training target 6.0 for Ice Magic reached!
Your Ice Magic skill increases to level 6!
You whack the orc wizard! Your grab misses the orc wizard.
You pierce the orc wizard, but do no damage.
Your tentacle-slap misses the orc wizard.
The orc wizard is heavily wounded.
The orc wizard hits you with a +0 dagger.
The orc wizard gestures at you while chanting.
You are confused.
You bump into the rock wall.
The orc wizard hits you with a +0 dagger.
You're too confused to move!
The orc wizard misses you.
You closely miss the orc wizard.
The orc wizard is heavily wounded.
The orc wizard hits you with a +0 dagger.
You hit the orc wizard.
Your tentacle spike misses the orc wizard.
The orc wizard is severely wounded.
The orc wizard closely misses you.
You whack the orc wizard!
You kill the orc wizard!
Your Transmutations skill increases to level 7!
You bump into the rock wall.
Your tentacle spike disappears.
The orc hits you with a +0 club.
You bump into the rock wall.
You feel less confused. The orc hits you with a +0 club.
You hit the orc. Your grab misses the orc. Your squeeze misses the orc.
The orc is heavily wounded.
The orc closely misses you.
You closely miss the orc. You grab the orc. You squeeze the orc.
The orc is severely wounded.
You constrict the orc.
You kill the orc!
You now have 70 gold pieces (gained 25).
Items here: ))) [[ ††.
There is a stone staircase leading up here.
You climb upwards.
There is a stone staircase leading down here.
You start resting.
Magic restored.
You start resting.
HP restored.
You climb downwards.
Level annotation: 3 runed translucent doors
There is a stone staircase leading up here.
The orc wizard points at you and mumbles some strange words.
The puff of flame hits you. You resist. The orc wizard closely misses you.
Items here: ))) [[ ††.
You whack the orc wizard! Your grab misses the orc wizard.
Your squeeze misses the orc wizard.
The orc wizard is heavily wounded.
The orc wizard hits you with a +0 dagger.
You closely miss the orc wizard. Your grab misses the orc wizard.
The orc wizard is heavily wounded.
The orc wizard misses you.
You closely miss the orc wizard. Your grab misses the orc wizard.
The orc wizard is heavily wounded.
The orc wizard closely misses you.
You barely miss the orc wizard. You grab the orc wizard.
The orc wizard is heavily wounded.
You constrict the orc wizard.
The orc wizard mumbles some strange words.
The orc wizard flickers and vanishes!
Deactivating autopickup; reactivate with Ctrl-A.
The orc wizard hits you with a +0 dagger.
You hit the orc wizard.
You kill the orc wizard!
Something hits you. The orc completely misses you.
Items here: ))) [[ ††.
Something hits you.
You hear some strange, mumbled words.
A puff of flame appears from out of thin air!
The puff of flame misses you.
You closely miss the orc. You grab the orc. You squeeze the orc.
The orc is heavily wounded.
You constrict the orc.
You kill the orc!
You barely miss something. Something hits you.
You miss something. Your squeeze misses something. Something hits you.
You barely miss something. Something hits you.
You completely miss something. Your squeeze misses something.
Something hits you. x2
You hit something. You squeeze something.
You hear some strange, mumbled words.
You are confused.
You bump into the rock wall.
Something hits you.
You completely miss something. Something hits you.
You barely miss something.
You hear some strange, mumbled words.
A magic dart appears from out of thin air!
The magic dart hits you!
* * * LOW HITPOINT WARNING * * *
You bump into the rock wall.
Something hits you.
* * * LOW HITPOINT WARNING * * *
You completely miss something. Something hits you.
* * * LOW HITPOINT WARNING * * *
Something hits you.
* * * LOW HITPOINT WARNING * * *
You feel much better.
You feel less confused. Something hits you.
You barely miss something. Something hits you.
You closely miss something. Your squeeze misses something. Something hits you.
You miss something. Something hits you.
You whack something!
Reactivating autopickup.
You feel a bit more experienced.
Things that are here:
a +0 dagger; a +0 robe; an orc corpse
There is a stone staircase leading up here.
You climb upwards.
There is a stone staircase leading down here.
You start resting.
HP restored.
You climb downwards.
Level annotation: 3 runed translucent doors
There is a stone staircase leading up here.
Throw: 13 darts (poison)
Press: ? - help, Q - select action, (/) - cycle Shift-Dir - straight line, f - orc warrior
Aim: an orc warrior, wielding a +0 short sword, wearing a +0 chain mail and quivering poisoned darts (wandering, hasn't noticed you, 52% to hit)
You throw a poisoned dart. The poisoned dart hits the orc warrior.
The orc warrior is poisoned.
The orc warrior shouts!
The orc warrior unwields a +0 short sword.
The orc warrior wields a +0 arbalest.
The orc warrior shoots a bolt.
The bolt misses you.
Unknown command.
The orc warrior shoots a bolt.
The bolt hits you!
You hit the orc warrior. Your grab misses the orc warrior.
The orc warrior is moderately wounded.
The orc warrior unwields a +0 arbalest.
The orc warrior wields a +0 short sword.
The orc warrior barely misses you.
You hit the orc warrior. Your grab misses the orc warrior.
The orc warrior is heavily wounded.
The orc warrior hits you with a +0 short sword!
You hit the orc warrior but do no damage.
Your grab misses the orc warrior.
The orc warrior is heavily wounded.
The orc warrior hits you with a +0 short sword.
You barely miss the orc warrior. You grab the orc warrior.
You squeeze the orc warrior!
The orc warrior is severely wounded.
You constrict the orc warrior.
The orc warrior hits you with a +0 short sword!
* * * LOW HITPOINT WARNING * * *
You hit the orc warrior.
The orc warrior is almost dead.
You constrict the orc warrior, but do no damage.
The orc warrior hits you with a +0 short sword.
* * * LOW HITPOINT WARNING * * *
You hit the orc warrior.
You kill the orc warrior!
There is a stone staircase leading up here.
You climb upwards.
There is a stone staircase leading down here.
You start resting.
HP restored.
You climb downwards.
Level annotation: 3 runed translucent doors
There is a stone staircase leading up here.
w - 5 scrolls labelled BUIDA HAMETT (gained 1)
c - 16 poisoned darts (gained 4)
Items here: )) [ †.
p - a +0 arbalest Adjust to which letter? (? for menu, Esc to quit)
b - a +0 arbalest;
p - a +0 sling You drop a +0 short sword.
You drop a +0 sling.
You drop a +0 quarterstaff.
As you read the scroll of identify, it crumbles to dust.
I - a scroll of enchant weapon
Things that are here:
a +0 mace; a +0 robe; a +0 dagger
c - 17 poisoned darts (gained 1)
Found a stone staircase leading down.
f - a wand of mindburst (12)
An ogre comes into view. It is wielding a +0 giant spiked club.
The orc shouts!
The ogre shouts!
The ogre moves out of view.
Found a robe.
The orc barely misses you. The orc misses you.
You barely miss the orc. You grab the orc. You constrict the orc.
The orc hits you with a +0 flail.
You release your grip on the orc.
You hit the orc.
You kill the orc!
You hit the ogre.
The ogre is moderately wounded.
The ogre hits you with a +0 giant spiked club!!
You whack the ogre! Your squeeze misses the ogre.
The ogre is severely wounded.
The ogre hits you with a +0 giant spiked club!!
Ouch! That really hurt!
You die...

Skill      XL: |  1  2  3  4  5  6  7  8 |
---------------+-------------------------+-----
Stealth        | 1 3 4 |  4.0
Transmutations | 3 4 5 6 7 |  7.6
Ice Magic      | 1 2 4 5 6 |  6.0
Fighting       | |  1.0
Dodging        | |  2.0
Unarmed Combat | |  3.0
Spellcasting   | |  2.0

Action                   |  1- 3 |  4- 6 |  7- 9 || total
-------------------------+-------+-------+-------++-------
Melee: Mace              |    24 |       |       ||    24
       Constrict         |    24 |    17 |    12 ||    53
       Kick              |    13 |    15 |    10 ||    38
       Tentacles         |    11 |     8 |    13 ||    32
       Punch             |     4 |     3 |       ||     7
       Short sword       |    36 |       |       ||    36
       Quarterstaff      |    19 |    21 |       ||    40
       Whip              |       |    40 |    91 ||   131
 Fire: Sling             |       |    16 |    15 ||    31
Throw: Dart              |     4 |     5 |    11 ||    20
 Cast: Beastly Appendage |    12 |    10 |     7 ||    29
  Use: Potion            |       |     4 |     5 ||     9
       Scroll            |       |       |     9 ||     9
 Stab: Sleeping          |    10 |     1 |     2 ||    13
       Distracted        |       |     1 |       ||     1
Armor: Skin              |     5 |     3 |     8 ||    16
Dodge: Dodged            |    43 |    66 |    42 ||   151

Levels and vault maps discovered:
D:1:      dpeg_arrival_snail, layout_basic, minivault_27, hangedman_glass_garden
D:2:      layout_basic, serial_shops, shop, shop, shop, shop, shop_coins,
          dk_vineyard_2
D:3:      cheibrodos_old_hovel, layout_rooms, minmay_cupped
D:4:      layout_basic, slow_altar_2, minmay_shop_damaged, grunt_ministairs_15,
          feat_on_display
D:5:      layout_rooms, mainiacjoe_overflow_cross_hatched, minmay_misc_feat_chi,
          nicolae_wooded_promenade, uniq_edmund
D:6:      layout_cave_pools, nicolae_ashenzari_skybound, led_xom_imps,
          serial_column_ruins, column_ruins_hut_ruined,
          column_ruins_square_medium, column_ruins_open_small,
          column_ruins_grid_2, column_ruins_open_tiny,
          column_ruins_columns_straight, column_ruins_grid_1,
          gammafunk_ghost_cemetery

Notes
Turn   | Place    | Note
-------+----------+-------------------------------------------
     0 | D:1      | scionoferis the Octopode Transmuter began the quest for the
                  | Orb.
     0 | D:1      | Reached XP level 1. HP: 13/13 MP: 3/3
   165 | D:1      | Reached skill level 1 in Stealth
   198 | D:1      | Reached XP level 2. HP: 18/18 MP: 3/5
   203 | D:1      | Learned a level 2 spell: Wereblood
   228 | D:1      | Reached skill level 2 in Stealth
   412 | D:1      | Reached skill level 3 in Stealth
   412 | D:1      | Reached XP level 3. HP: 17/23 MP: 4/6
   818 | D:2      | Found Wighikel's Weapon Emporium.
   874 | D:2      | Found Kucasap's Assorted Antiques.
   919 | D:2      | Found Xailal's Magic Scroll Emporium.
  1036 | D:2      | Found Tobrey's Armour Boutique.
  1194 | D:2      | Found Ynuranef's Assorted Antiques.
  1550 | D:2      | Bought 2 scrolls labelled LOCURGHA TOIHUCW for 34 gold
                  | pieces
  1550 | D:2      | Bought a scroll labelled ZESSUY RULUO for 17 gold pieces
  1550 | D:2      | Bought a scroll labelled LOCURGHA TOIHUCW for 17 gold
                  | pieces
  1550 | D:2      | Bought a fluorescent wand for 68 gold pieces
  1588 | D:2      | Bought a scroll labelled AWURHEASIN for 24 gold pieces
  1588 | D:2      | Bought a scroll labelled ENNYOZXOSA for 24 gold pieces
  1641 | D:3      | Reached skill level 4 in Stealth
  1656 | D:3      | Reached skill level 3 in Transmutations
  1656 | D:3      | Reached XP level 4. HP: 28/28 MP: 5/7
  1666 | D:3      | Learned a level 4 spell: Ice Form
  1963 | D:3      | Reached skill level 1 in Ice Magic
  2154 | D:3      | Identified the +8 whip of the Sun {vorpal, rC++ MP+9}
  2271 | D:2      | Bought a red potion for 21 gold pieces
  2271 | D:2      | Bought a fuming purple potion for 21 gold pieces
  2271 | D:2      | Bought a bubbling sapphire potion for 21 gold pieces
  2335 | D:4      | Found Necoa's Lightly-Used Armoury.
  2373 | D:4      | Found a snail-covered altar of Cheibriados.
  2484 | D:4      | Reached XP level 5. HP: 33/33 MP: 8/8
  3007 | D:4      | Reached skill level 2 in Ice Magic
  3239 | D:2      | Bought a scroll labelled ZESSUY RULUO for 24 gold pieces
  3314 | D:5      | Entered Level 5 of the Dungeon
  3379 | D:5      | Noticed a centaur
  3421 | D:5      | Killed a centaur
  3422 | D:5      | Reached skill level 4 in Transmutations
  3422 | D:5      | Reached XP level 6. HP: 17/38 MP: 9/9
  3425 | D:5      | HP: 2/38 [hound (4)]
  3432 | D:4      | Reached skill level 3 in Ice Magic
  3558 | D:5      | Reached skill level 5 in Transmutations
  3571 | D:5      | Reached skill level 4 in Ice Magic
  3571 | D:5      | Reached XP level 7. HP: 33/43 MP: 10/10
  3668 | D:5      | Found Lipyin Zutuck's Distillery.
  3776 | D:5      | Found Oclot's Weapon Emporium.
  3777 | D:5      | Found Zutesih's Antique Armour Shop.
  3778 | D:5      | Found Teuh's Armour Shop.
  3778 | D:5      | Found Tamocolo's Antique Weapon Shoppe.
  3840 | D:5      | Found a burning altar of Makhleb.
  4117 | D:5      | Noticed Edmund
  4135 | D:5      | Killed Edmund
  4136 | D:5      | Reached skill level 6 in Transmutations
  4136 | D:5      | Reached skill level 5 in Ice Magic
  4406 | D:2      | Bought a scroll of blinking for 82 gold pieces
  4406 | D:2      | Bought a scroll of identify for 22 gold pieces
  4698 | D:6      | Reached XP level 8. HP: 48/48 MP: 11/11
  4876 | D:6      | Found a runed translucent gate.
  4876 | D:6      | Found a runed translucent gate.
  4876 | D:6      | Found a runed translucent gate.
  4945 | D:6      | Found a broken altar of Ashenzari.
  5005 | D:6      | Reached skill level 6 in Ice Magic
  5011 | D:6      | Reached skill level 7 in Transmutations
  5202 | D:6      | HP: 3/48 [orc warrior/+0 short sword (4)]
  5430 | D:6      | Mangled by an ogre

Vanquished Creatures
  Edmund (D:5)
  A water moccasin (D:5)
  An orc warrior (D:6)
  An ogre (D:6)
  A centaur (D:5)
  A phantom (D:5)
  A kobold brigand (D:6)
  2 scorpions (D:5)
  3 hounds (D:4 D:6)
  An iron imp (D:4)
  A jelly (D:5)
  4 iguanas (D:4 D:6 D:5)
  4 orc wizards (D:6)
  7 gnolls (D:5)
  2 adders (D:3 D:4)
  A shadow imp (D:6)
  A white imp (D:6)
  2 worms (D:2 D:3)
  5 dart slugs (D:1 D:2 D:3 D:4)
  11 orcs (D:3 D:4 D:6)
  3 endoplasms (D:2)
  4 giant cockroaches (D:1 D:3)
  5 goblins (D:1 D:2 D:3 D:4)
  6 hobgoblins (D:1 D:3 D:4)
  4 jackals (D:1)
  7 kobolds (D:1 D:2 D:4 D:6)
  3 quokkas (D:3)
  5 ball pythons (D:1 D:2 D:3)
  5 bats (D:1 D:2)
  4 frilled lizards (D:1 D:2)
  7 rats (D:1 D:3)
104 creatures vanquished.

Vanquished Creatures (others)
  A plant (D:3)
1 creature vanquished.

Grand Total: 105 creatures vanquished

Table legend: (Time is in decaauts)
 A = Elapsed time spent in this place.
 B = Non-inter-level travel time spent in this place.
 C = Inter-level travel time spent in this place.
 D = Time resting spent in this place.
 E = Time spent auto-exploring this place.
 F = Levels seen in this place.
 G = Mean time per level.
                   A        B        C        D        E       F      G
               +--------+--------+--------+--------+--------+-----+--------+
         Total |   5469 |   4932 |    537 |   1038 |   2635 |   6 |  911.5 |
       Dungeon |   5469 |   4932 |    537 |   1038 |   2635 |   6 |  911.5 |
               +--------+--------+--------+--------+--------+-----+--------+

Top non-repeatable levels by time:
     D:5: 1207 daAuts
     D:4: 1104 daAuts
     D:2: 987 daAuts
     D:1: 826 daAuts
     D:3: 725 daAuts
     D:6: 618 daAuts

Table legend:
 A = Non-vault XP
 B = Vault XP
 C = Vault XP percentage of total XP
 D = Non-vault monster count
 E = Vault monster count
 F = Vault count percentage of total count
                 A         B        C        D         E       F
            +---------+---------+-------+---------+---------+-------
      Total |    1617 |     212 |  11.6 |      97 |       7 |   6.7
            +---------+---------+-------+---------+---------+-------
        D:1 |      47 |       0 |   0.0 |      27 |       0 |   0.0
        D:2 |      25 |       0 |   0.0 |      13 |       0 |   0.0
        D:3 |      46 |       5 |   9.8 |      14 |       3 |  17.6
        D:4 |     186 |      45 |  19.5 |      11 |       3 |  21.4
        D:5 |     700 |     162 |  18.8 |      14 |       1 |   6.7
        D:6 |     613 |       0 |   0.0 |      18 |       0 |   0.0
            +---------+---------+-------+---------+---------+-------
